 Dungeon Crawl Stone Soup version 0.24-a0-244-ga6a6ab7 (webtiles) character file.

Game seed: 7770550557032555711

87 Leeroy the Conjurer (level 4, -1/23 HPs)
             Began as a Tengu Conjurer on Apr 10, 2019.
             Was a Follower of Hepliaklqana.
             Slain by Natasha (8 damage)
             ... on level 3 of the Dungeon on Apr 11, 2019.
             The game lasted 00:12:20 (1719 turns).

Leeroy the Conjurer (Tengu Conjurer)                Turns: 1719, Time: 00:12:21

Health: -1/23      AC:  4    Str: 10    XL:     4   Next: 51%
Magic:  3/8        EV: 12    Int: 15    God:    Hepliaklqana [*.....]
Gold:   122        SH:  0    Dex: 14    Spells: 5/8 levels left

rFire    . . .     SeeInvis .   s - +2 hand axe (freeze)
rCold    . . .     Gourm    .   (no shield)
rNeg     . . .     Faith    .   v - +0 leather armour (curse)
rPois    .         Spirit   .   (helmet restricted)
rElec    .         Reflect  .   (no cloak)
rCorr    .         Harm     .   t - +0 pair of gloves (curse)
MR       .....                  (boots unavailable)
Stlth    ++........             (no amulet)
HPRegen  0.07/turn              (no ring)
MPRegen  0.11/turn              (no ring)

@: no status effects
A: reduced essence, beak, talons 3
a: Recall Ancestor, Ancestor Identity, Renounce Religion


You were on level 3 of the Dungeon.
You worshipped Hepliaklqana.
Hepliaklqana was aware of your devotion.
You were not hungry.

You visited 1 branch of the dungeon, and saw 3 of its levels.

You collected 122 gold pieces.

Inventory:

Hand Weapons
 h - a +0 short sword
 k - a +0 dagger
 s - a +2 hand axe of freezing (weapon)
 w - a +0 mace
 x - a +0 short sword
 B - a +0 blowgun
 D - a +0 rapier
Missiles
 b - 84 stones (quivered)
 i - 58 arrows
 m - 6 poisoned javelins
 n - 37 poisoned needles
Armour
 a - a +0 robe
 t - a cursed +0 pair of gloves (worn)
 v - a cursed +0 leather armour (worn)
 y - a +0 ring mail
Jewellery
 o - an uncursed ring of protection from fire {unknown}
Scrolls
 d - 2 scrolls of amnesia {unknown}
 g - 2 scrolls of blinking
 l - 4 scrolls of identify
 u - a scroll of teleportation {unknown}
 A - a scroll of noise {unknown}
Potions
 e - a potion of degeneration
 f - a potion of might {unknown}
 j - 2 potions of heal wounds {unknown}
 q - a potion of brilliance {unknown}
 r - a potion of agility {unknown}
 z - a potion of lignification {unknown}
 C - a potion of curing {unknown}
Comestibles
 c - 8 rations
 p - 7 chunks of flesh


   Skills:
 * Level 2.1 Fighting
 + Level 0.6 Short Blades
 - Level 2.1 Dodging
 - Level 2.0 Stealth
 + Level 2.5 Spellcasting
 - Level 6.4 Conjurations


You had 5 spell levels left.
You knew the following spells:

 Your Spells              Type           Power        Failure   Level  Hunger
a - Magic Dart            Conj           ###.         1%          1    #......
b - Searing Ray           Conj           ###...       3%          2    ###....

Your spell library contained the following spells:

 Spells                   Type           Power        Failure   Level  Hunger
 Iskenderun's Mystic Bla  Conj           ###.....     21%         4    #####..
 Dazzling Spray           Conj/Hex       ##....       22%         3    ###....
 Force Lance              Conj/Tloc      ##......     58%         4    #####..
 Fulminant Prism          Conj/Hex       ##........   58%         4    #####..


Dungeon Overview and Level Annotations

Branches:
Dungeon (3/15)

Altars:
Hepliaklqana

Annotations:
D:3 Natasha


Innate Abilities, Weirdness & Mutations

You have a beak for a mouth.
You have claws for feet.
Your life essence is reduced to manifest your ancestor. (-10% HP)


Message History

The magic dart hits you.
The searing ray misses Natasha.
The searing ray hits Natasha.
Natasha is heavily wounded.
Natasha claws you.
The searing ray hits Natasha.
Natasha is almost dead.
You finish channeling your searing ray.
The jackal barks!
A jackal comes into view.
Natasha claws you.
Casting: Searing Ray (safe; 3% risk of failure)
Confirm with . or Enter, or press ? or * to list all spells.
Okay, then.
You hit Natasha but do no damage.
Natasha is almost dead.
Natasha claws you.
A jackal comes into view.
Natasha claws you!
You die...

........#............# #
....รทรท.................#
....)...........#.#....#
.......................#
......#........##.#....
#.#####........# ##..# .
...............# ... ...
#.######.......##h#..#..
..# #######.R@..h.h..
#.##.#..#.h #.# .# ... #..
.. . ......# ..# #.....#
..# #.....# .## #......
... ........


You could see the friendly Cuahtemoc the ancestor, Natasha and 3 jackals.

Vanquished Creatures
  A gnoll (D:2)
  An adder (D:2)
  2 worms (D:2)
  5 leopard geckos
  A ball python (D:2)
  13 bats
  4 giant cockroaches
  7 hobgoblins
  2 jackals (D:3)
  4 kobolds
  3 frilled lizards
  5 goblins
  4 rats
52 creatures vanquished.

Vanquished Creatures (collateral kills)
  2 jackals (D:3)
2 creatures vanquished.

Grand Total: 54 creatures vanquished

Notes
Turn   | Place    | Note
-------+----------+-------------------------------------------
     0 | D:1      | Leeroy the Tengu Conjurer began the quest for the Orb.
     0 | D:1      | Reached XP level 1. HP: 10/10 MP: 4/4
   531 | D:1      | Reached XP level 2. HP: 15/15 MP: 4/6
   581 | D:1      | Reached skill level 6 in Conjurations
   588 | D:1      | Learned a level 2 spell: Searing Ray
   865 | D:2      | Reached skill level 1 in Fighting
   865 | D:2      | Reached XP level 3. HP: 9/20 MP: 5/7
  1213 | D:2      | Reached XP level 4. HP: 26/26 MP: 6/8
  1430 | D:2      | Found a faded altar of an unknown god.
  1487 | D:2      | Became a worshipper of Hepliaklqana the Forgotten
  1487 | D:2      | Reached * piety under Hepliaklqana
  1686 | D:3      | Noticed Natasha
  1719 | D:3      | Slain by Natasha

Levels and vault maps discovered:
D:1:      dpeg_arrival_fog, layout_rooms, minmay_misc_feat_hallway
D:2:      minmay_diamond_boxcup, layout_basic, chequers_ecumenical_altar_lobes
D:3:      layout_basic, biasface_ghost_orc_armoury, minmay_misc_feat_enclosed,
          serial_park_tiny_2, uniq_natasha, uniq_crazy_yiuf_cottage

Skill      XL: |  1  2  3  4 |
---------------+-------------+-----
Conjurations   | 6 |  6.4
Fighting       | 1 2 |  2.1
Short Blades   | |  0.6
Dodging        | |  2.1
Stealth        | |  2.0
Spellcasting   | |  2.5

Action                   |  1- 3 |  4- 6 || total
-------------------------+-------+-------++-------
Melee: Unarmed           |     5 |       ||     5
       Short sword       |    15 |       ||    15
       Kick              |     5 |     3 ||     8
       Peck              |     3 |     4 ||     7
       Hand axe          |    10 |    19 ||    29
       Dagger            |     1 |       ||     1
Throw: Stone             |     2 |       ||     2
 Cast: Magic Dart        |    41 |     8 ||    49
       Searing Ray       |     6 |     3 ||     9
Invok: Recall Ancestor   |       |     3 ||     3
       Ancestor Identity |       |     2 ||     2
  Use: Scroll            |     2 |       ||     2
 Stab: Sleeping          |     4 |       ||     4
  Eat: Chunk             |     2 |     2 ||     4
Armor: Robe              |    10 |     2 ||    12
       Leather armour    |       |     7 ||     7
Dodge: Dodged            |    23 |    17 ||    40

Table legend:
 A = Non-vault XP
 B = Vault XP
 C = Vault XP percentage of total XP
 D = Non-vault monster count
 E = Vault monster count
 F = Vault count percentage of total count
                 A         B        C        D         E       F
            +---------+---------+-------+---------+---------+-------
      Total |     101 |      24 |  19.2 |      46 |       8 |  14.8
            +---------+---------+-------+---------+---------+-------
        D:1 |      25 |       0 |   0.0 |      14 |       0 |   0.0
        D:2 |      61 |      24 |  28.2 |      24 |       8 |  25.0
        D:3 |      15 |       0 |   0.0 |       8 |       0 |   0.0
            +---------+---------+-------+---------+---------+-------
